 Dungeon Crawl Stone Soup version 0.26-a0-658-gbdda728c12 (webtiles) character file.

Game seed: 6799492328247588447

39 Kraken2834 the Firebug (level 3, -2/26 HPs)
             Began as a Draconian Fire Elementalist on Oct 5, 2020.
             Slain by Sigmund
             ... wielding a +0 scythe
              (3 damage)
             ... on level 2 of the Dungeon.
             The game lasted 00:05:09 (1715 turns).

Kraken2834 the Firebug (DrFE)                       Turns: 1715, Time: 00:05:09

Health: -2/26      AC:  5    Str: 10    XL:     3   Next: 26%
Magic:  2/6        EV: 12    Int: 16    God:
Gold:   23         SH:  0    Dex: 11    Spells: 5/6 levels left

rFire    . . .     SeeInvis .   e - +0 short sword
rCold    . . .     Faith    .   (no shield)
rNeg     . . .     Spirit   .   (armour unavailable)
rPois    .         Reflect  .   (helmet restricted)
rElec    .         Harm     .   (no cloak)
rCorr    .         Rampage  .   (no gloves)
MR       .....                  (no boots)
Stlth    ++........             (no amulet)
HPRegen  0.08/turn              (no ring)
MPRegen  0.10/turn              (no ring)

@: flying
A: unfitting armour, cold-blooded, AC +5
a: no special abilities


You were on level 2 of the Dungeon.
You visited 1 branch of the dungeon, and saw 2 of its levels.

You collected 23 gold pieces.

Inventory:

Hand Weapons
 e - a +0 short sword (weapon)
Scrolls
 b - a scroll of fog {unknown}
 d - a scroll of identify {unknown}
Potions
 c - a potion of heal wounds {unknown}


   Skills:
 + Level 0.1 Fighting
 - Level 1.9 Dodging
 - Level 1.8 Stealth
 + Level 2.4 Spellcasting
 + Level 1.3 Conjurations
 + Level 3.8 Fire Magic


You had 5 spell levels left.
You knew the following spells:

 Your Spells              Type           Power        Failure   Level
a - Foxfire               Conj/Fire      ##..         7%          1

Your spell library contained the following spells:

 Spells                   Type           Power        Failure   Level
 Conjure Flame            Conj/Fire      ##......     21%         3
 Inner Flame              Hex/Fire       #.......     26%         3
 Sticky Flame             Conj/Fire      ##......     56%         4
 Fireball                 Conj/Fire      ##........   88%         5


Dungeon Overview and Level Annotations

Branches:
Dungeon (2/15)

Altars:

Annotations:
D:2 Sigmund


Innate Abilities, Weirdness & Mutations

Your plain brown scales are hard. (AC +5)
You cannot fit into any form of body armour.
You are cold-blooded and may be slowed by cold attacks.


Message History

Something hits you! Something hits you!
Casting: Foxfire (safe; 7% risk of failure)
Confirm with . or Enter, or press ? or * to list all spells.
You conjure some foxfire!
Casting: Foxfire (safe; 7% risk of failure)
Confirm with . or Enter, or press ? or * to list all spells.
You conjure some foxfire!
The foxfire hits something. x2; Something hits you.
* * * LOW HITPOINT WARNING * * *
You miss something.
Your tail-slap misses something.
The foxfire hits something. x2; Something hits you.
* * * LOW HITPOINT WARNING * * *
Unknown command.
Okay, then.
It was a potion of flight.
You feel very buoyant.
You fly up into the air.
Something hits you but does no damage. Something hits you.
You die...

###### #....#
######....#
#.........#
#......†########
#..{........#######
#.....#####...<....
#.@..<## #########
#......## #
######..### #
##...# # #.w(..##.#
...§ #....S .#
...§. +..... #
...@. #..... .....
#..... .....


There were no monsters in sight!

Vanquished Creatures
  2 oozes (D:1)
  A worm (D:2)
  A dart slug (D:2)
  2 giant cockroaches (D:1)
  3 hobgoblins
  2 jackals (D:1)
  6 bats (D:1)
  2 frilled lizards
  3 kobolds (D:1)
  4 rats (D:1)
26 creatures vanquished.

Vanquished Creatures (others)
  66 foxfires
66 creatures vanquished.

Grand Total: 92 creatures vanquished

Notes
Turn   | Place    | Note
-------+----------+-------------------------------------------
     0 | D:1      | Kraken2834 the Draconian Fire Elementalist began the quest
                  | for the Orb.
     0 | D:1      | Reached XP level 1. HP: 14/14 MP: 3/3
   143 | D:1      | Reached XP level 2. HP: 12/20 MP: 1/5
  1279 | D:1      | Reached XP level 3. HP: 17/26 MP: 4/6
  1674 | D:2      | Noticed Sigmund
  1712 | D:2      | HP: 1/26 [something (3)]
  1715 | D:2      | Slain by Sigmund

Illustrated notes

Levels and vault maps discovered:
D:1:      tarquinn_simple_flora_water_e, layout_basic, serial_glass,
          glass_columns_a, glass_columns_a, glass_columns_a, glass_columns_a,
          glass_columns_a, minivault_4, hex_intersection
D:2:      layout_rooms, overflow_temple_1_default, dancing_weapons_uskayaw,
          kennysheep_generic_room_8, uniq_sigmund, uniq_jessica

Action                   || total
-------------------------++-------
Melee: Unarmed           ||    31
       Tailslap          ||     5
       Short sword       ||    17
 Cast: Foxfire           ||    47
  Use: Potion            ||     1
Armor: Skin              ||    20
Dodge: Dodged            ||    26

Table legend: (Time is in decaauts)
 A = Elapsed time spent in this place.
 B = Non-inter-level travel time spent in this place.
 C = Inter-level travel time spent in this place.
 D = Time resting spent in this place.
 E = Time spent auto-exploring this place.
 F = Levels seen in this place.
 G = Mean time per level.
                   A        B        C        D        E       F      G
               +--------+--------+--------+--------+--------+-----+--------+
         Total |   1717 |   1694 |     23 |     58 |   1347 |   2 |  858.5 |
       Dungeon |   1717 |   1694 |     23 |     58 |   1347 |   2 |  858.5 |
               +--------+--------+--------+--------+--------+-----+--------+

Top non-repeatable levels by time:
     D:1: 1585 daAuts
     D:2: 131 daAuts
